 Dungeon Crawl Stone Soup version 0.28.0-1-gb440e238dd (webtiles) character file.

Game seed: 6233150216197506006

77318 boopmooplesden the Peltast (level 15, -11/139 HPs)
             Began as a Minotaur Fighter on Feb 22, 2022.
             Was a High Priest of Okawaru.
             Killed from afar by a crystal guardian (55 damage)
             ... with a crystal bolt
             ... on level 12 of the Dungeon.
             The game lasted 00:39:43 (24498 turns).

boopmooplesden the Peltast (Minotaur Fighter)      Turns: 24498, Time: 00:39:45

Health: -11/139    AC: 26    Str: 30    XL:     15   Next: 15%
Magic:  13/15      EV: 12    Int:  9    God:    Okawaru [*****.]
Gold:   2371       SH: 19    Dex: 11    Spells: 14/14 levels left

rFire   . . .      SeeInvis +   a - +6 trident of Dissolution {vorpal, rC+++ Str+5}
rCold   + + +      Faith    .   y - +4 kite shield
rNeg    + + .      Spirit   .   Y - +1 plate armour "Idieshra" {rPois Int+2 SInv Stlth+}
rPois   +          Reflect  .   P - +0 mask of the Dragon {Will+ Slay+3 SInv}
rElec   .          Harm     .   X - +0 cloak "Plog" {rN+}
rCorr   .          Rampage  +   R - +2 pair of gloves
Will    +++..                   n - +0 pair of boots "Inosuel" {Rampage rC+ rN+}
Stlth   ..........              t - amulet of regeneration
HPRegen 1.13/turn               C - ring of willpower
MPRegen 0.14/turn               D - ring of see invisible

@: heroic
A: horns 2, retaliatory headbutt
a: Renounce Religion, Heroism, Finesse, Duel


You were on level 12 of the Dungeon.
You worshipped Okawaru.
Okawaru was extremely pleased with you.
You visited 3 branches of the dungeon, and saw 19 of its levels.
You also visited: Ossuary and Volcano.

You collected 2371 gold pieces.

Inventory:

Hand Weapons
 a - the +6 trident of Dissolution (weapon) {vorpal, rC+++ Str+5}
   (You found it on level 2 of the Dungeon)

   It inflicts extra damage upon your enemies.
   Str:       It affects your strength (+5).
   rC:        It renders you almost immune to cold.
 b - a +2 hunting sling of freezing
 h - the +10 trident "Orb Guardian's Curse" {freeze, Dex+2}
   (Okawaru gifted it to you on level 4 of the Lair of Beasts)

   It freezes those it strikes, dealing additional cold damage.
   It can also slow down cold-blooded creatures.
   Dex:       It affects your dexterity (+2).
 z - the +14 obsidian axe {vorpal, Mesm Drain Fly SInv}
   (You found it on level 6 of the Lair of Beasts)

   It inflicts extra damage upon your enemies.
   It occasionally summons demons to assist the wielder when it strikes in
   combat.
   Its wielder is mesmerised by any visible foes.
   It cannot be unequipped while any foes are visible.
   SInv:      It lets you see invisible.
   Fly:       It grants you flight.
   Drain:     It drains your maximum health when unequipped.
 K - a +4 demon trident of venom
Missiles
 g - 2 throwing nets (quivered)
 l - 16 boomerangs
 p - 194 sling bullets
Armour
 n - the +0 pair of boots "Inosuel" (worn) {Rampage rC+ rN+}
   (You acquired it on level 11 of the Dungeon)

   rC:        It protects you from cold.
   rN:        It protects you from negative energy.
   Rampage:   It bestows one free step when moving towards enemies.
 y - a +4 kite shield (worn)
 P - the +0 mask of the Dragon (worn) {Will+ Slay+3 SInv}
   (You acquired it on level 11 of the Dungeon)

   Slay:      It affects your accuracy & damage with ranged weapons and melee
   (+3).
   SInv:      It lets you see invisible.
   Will:      It increases your willpower.
 Q - a +1 pair of boots
 R - a +2 pair of gloves (worn)
 T - the +7 chain mail of Lightning Storm {rC+ Dex+3}
   (Okawaru gifted it to you on level 12 of the Dungeon)

   Dex:       It affects your dexterity (+3).
   rC:        It protects you from cold.
 U - the +3 chain mail of Hececseu {rPois rC+ Str+3}
   (You found it on level 2 of the Lair of Beasts)

   Str:       It affects your strength (+3).
   rC:        It protects you from cold.
   rPois:     It protects you from poison.
 V - the +5 pair of gloves "Ilosus" {rC++ Str+5 Dex-2}
   (Okawaru gifted it to you on level 6 of the Lair of Beasts)

   Str:       It affects your strength (+5).
   Dex:       It affects your dexterity (-2).
   rC:        It greatly protects you from cold.
 X - the +0 cloak "Plog" (worn) {rN+}
   (You found it on level 4 of the Lair of Beasts)

   rN:        It protects you from negative energy.
 Y - the +1 plate armour "Idieshra" (worn) {rPois Int+2 SInv Stlth+}
   (Okawaru gifted it to you on level 4 of the Lair of Beasts)

   Int:       It affects your intelligence (+2).
   rPois:     It protects you from poison.
   SInv:      It lets you see invisible.
   Stlth:     It makes you more stealthy.
Jewellery
 t - an amulet of regeneration (around neck)
 C - a ring of willpower (left hand)
 D - a ring of see invisible (right hand)
 J - a ring of flight
Wands
 j - a wand of acid (10)
 r - a wand of flame (23)
 M - a wand of iceblast (14)
Scrolls
 c - 3 scrolls of amnesia
 e - a scroll of enchant armour
 f - 6 scrolls of teleportation
 o - 4 scrolls of noise
 q - 2 scrolls of identify
 v - a scroll of holy word
 A - a scroll of fear
 G - 8 scrolls of fog
 Z - a scroll of blinking
Potions
 d - 4 potions of might
 i - 2 potions of berserk rage
 k - 3 potions of heal wounds
 m - 6 potions of lignification
 s - 7 potions of curing
 u - 2 potions of magic
 w - a potion of attraction
 x - a potion of invisibility
 B - a potion of cancellation
 E - 5 potions of ambrosia
 F - 2 potions of brilliance
 H - a potion of resistance
 I - 4 potions of mutation
 L - a potion of haste {unknown}
 N - 3 potions of flight
 O - 3 potions of degeneration {unknown}
 S - 2 potions of experience {unknown}
Miscellaneous
 W - a piece from Xom's chessboard (15/15)


   Skills:
 + Level 14.8(19.8) Fighting
 + Level 5.1(16.4) Axes
 + Level 15.7(21.0) Polearms
 + Level 7.6(12.6) Slings
 + Level 13.5(18.5) Armour
 + Level 6.7(11.7) Dodging
 + Level 3.4(8.4) Stealth
 + Level 16.6(21.6) Shields
 + Level 2.5 Invocations


You had 14 spell levels left.
You didn't know any spells.
Your spell library contained the following spells:

 Spells                   Type           Power      Damage    Failure   Level
 Magic Dart               Conj           0%         1d3       93%         1
 Corpse Rot               Necr/Air       0%         N/A       98%         2
 Ensorcelled Hibernation  Hex/Ice        0%         N/A       98%         2
 Poisonous Vapours        Pois/Air       0%         N/A       98%         2
 Searing Ray              Conj           0%         2d4       98%         2
 Static Discharge         Conj/Air       0%         N/A       98%         2
 Portal Projectile        Hex/Tloc       0%         N/A       100%        3
 Spider Form              Tmut/Pois      0%         N/A       100%        3
 Stone Arrow              Conj/Erth      0%         3d7       100%        3
 Anguish                  Hex/Necr       0%         N/A       100%        4
 Dispel Undead            Necr           0%         3d6       100%        4
 Fulminant Prism          Conj/Hex       0%         3d6       100%        4
 Leda's Liquefaction      Hex/Erth       0%         N/A       100%        4
 Passage of Golubria      Tloc           0%         N/A       100%        4
 Sticky Flame             Conj/Fire      0%         2d3       100%        4
 Lee's Rapid Deconstruct  Erth           0%         3d5*      100%        5
 Silence                  Hex/Air        0%         N/A       100%        5
 Statue Form              Tmut/Erth      0%         N/A       100%        6
 Lehudib's Crystal Spear  Conj/Erth      0%         10d2      100%        8
 Call Canine Familiar     Summ           Unusable   N/A       N/A         3
 Animate Armour           Summ/Erth      Unusable   N/A       N/A         4

Dungeon Overview and Level Annotations

Branches:
Dungeon (12/15)            Temple (1/1) D:5            Lair (6/6) D:8
 Shoals (0/4) Lair:4        Snake (0/4) Lair:4        Slime (0/5) Lair:5
    Orc (0/2) D:12        Ossuary (visited)         Volcano (visited)

Altars:
Cheibriados
Dithmenos
Elyvilon
Gozag
Makhleb
Nemelex Xobeh
Okawaru
Qazlal
Sif Muna
Uskayaw
Xom

Shops:
D:1 *   D:9 [

Portals:
Abyss: Lair:2

Annotations:
Lair:2 2 transporters, jjjjhere's ghost, journeyman HOCA


Innate Abilities, Weirdness & Mutations

You have a pair of horns on your head.
You reflexively headbutt those who attack you in melee.


Message History

You block the crystal guardian's attack.
The crystal guardian fires a crystalline bolt at you.
The crystal bolt freezes you. You resist.
* * * LOW HITPOINT WARNING * * *
Your surroundings suddenly seem different.
You start resting.
You feel like a meek peon again.
You start resting.
Magic restored.
You start resting.
HP restored.
The crystal guardian fires a crystalline bolt at you.
The crystal bolt burns you!
You gain the combat prowess of a mighty hero.
The crystal guardian fires a crystalline bolt at you.
The crystal bolt burns the crystal guardian.
The crystal guardian completely resists.
The crystal bolt burns you!!!
You hit the crystal guardian.
The crystal guardian is lightly damaged.
The crystal guardian fires a crystalline bolt at you.
The crystal bolt burns you!!!
You hit the crystal guardian but do no damage.
The crystal guardian is lightly damaged.
You puncture the crystal guardian! You headbutt the crystal guardian.
The crystal guardian is moderately damaged.
The crystal guardian closely misses you.
You furiously retaliate!
You headbutt the crystal guardian, but do no damage.
You puncture the crystal guardian!
The crystal guardian is heavily damaged.
The crystal guardian fires a crystalline bolt at you.
The crystal bolt freezes you. You resist.
You puncture the crystal guardian! You headbutt the crystal guardian!
The crystal guardian is almost destroyed.
The crystal guardian fires a crystalline bolt at you.
The crystal bolt burns the crystal guardian.
The crystal guardian completely resists.
The crystal bolt burns you!!!
You die...

###...##...# #.######
#..........# #.......
######.#...##...##########.######
...............................#
######.#^...............##.###.##
######...........................
...........................#.#.##
......................###..#.#.##
.........#......@................
.###.#...#..#.#.#9......#...#....
.###.#.......≈≈≈≈≈9≈≈≈≈≈≈≈..#....
.##.........#≈#####§#####≈..#....
............#≈#####'#####≈.......
.##..........≈#.......$.#≈####.##
.............≈#?......!.#≈.......
.##..#..#....≈#:..:)....#≈####.##
.............≈#)......$.#≈.....#


You could see 2 crystal guardians.

Vanquished Creatures
  2 boulder beetles (Lair:4)
  12 hydras
  7 two-headed ogres
  3 death yaks (Lair:4)
  The ghost of jejorda2 the Fighter, a journeyman VSBe of Trog (D:11)
  A goliath frog (Lair:6)
  A deep elf archer (Volcano)
  Pikel (D:4)
  A lindwurm (Lair:5)
  An orange crystal statue (D:12)
  9 deep elf pyromancers (Volcano)
  An ugly thing (D:12)
  18 elephants
  2 manticores (Lair:4)
  2 black mambas
  29 cane toads
  An unseen horror (D:10)
  6 torpor snails (Lair:4)
  A gargoyle (D:12)
  3 komodo dragons (Lair:6)
  6 rime drakes
  Psyche (D:9)
  5 kobold demonologists
  A queen bee (Lair:4)
  3 meliai (Lair:4)
  3 trolls
  3 tyrant leeches (Lair:6)
  A polar bear (Lair:4)
  37 blink frogs
  A wind drake (Lair:4)
  3 hornets
  5 slime creatures (D:12)
  3 wraiths
  A vampire (D:11)
  A shadow (D:9)
  38 yaks
  4 wyverns
  4 fire elementals (Volcano)
  4 basilisks
  Eustachio (D:6)
  10 vampire mosquitoes
  A steam dragon (D:10)
  16 water moccasins
  3 hell hounds (Volcano)
  3 acid dragons
  4 orc warriors
  4 sky beasts
  4 ice beasts
  2 black bears (D:8)
  A hornet zombie (D:7)
  A necrophage (D:5)
  10 wolves
  4 ogres
  11 centaurs
  2 phantoms
  7 kobold brigands
  A lemure (D:4)
  17 scorpions
  25 bullfrogs
  2 gnoll sergeants (D:9)
  A water moccasin skeleton (D:5)
  40 killer bees
  3 howler monkeys (D:9)
  17 wights
  An electric eel (Lair:6)
  5 centaur zombies
  3 human zombies (Ossuary)
  Crazy Yiuf (D:2)
  A hound (D:4)
  A gnoll shaman (D:10)
  3 orc wizards
  Natasha (thrice) (D:2)
  2 centaur skeletons (D:6)
  2 iguanas
  2 scorpion zombies
  2 hell rats (Lair:4)
  3 mummies (Ossuary)
  A howler monkey zombie (D:9)
  12 gnolls
  11 adders
  A river rat (Lair:4)
  4 worms
  3 dart slugs (D:2)
  24 orcs
  7 bats
  5 endoplasms
  2 giant cockroaches
  10 goblins
  6 hobgoblins
  4 jackals
  A quokka (D:1)
  7 ball pythons
  2 frilled lizards
  6 goblin zombies (Ossuary)
  4 hobgoblin zombies (Ossuary)
  18 kobolds
  A kobold zombie (Ossuary)
  3 orc zombies (Ossuary)
  8 rats
585 creatures vanquished.

Vanquished Creatures (others)
  An orc wizard (D:12)
  33 fungi
  108 plants
142 creatures vanquished.

Grand Total: 727 creatures vanquished

Notes
Turn   | Place    | Note
-------+----------+-------------------------------------------
     0 | D:1      | boopmooplesden the Minotaur Fighter began the quest for the
                  | Orb.
     0 | D:1      | Reached XP level 1. HP: 19/19 MP: 0/0
   371 | D:1      | Reached XP level 2. HP: 25/27 MP: 1/1
   711 | D:1      | Found Uhug's General Store.
   955 | D:1      | Reached skill level 1 in Dodging
   955 | D:1      | Reached XP level 3. HP: 27/33 MP: 2/2
  1201 | D:2      | Noticed Natasha
  1207 | D:2      | Killed Natasha
  1208 | D:2      | Reached skill level 4 in Shields
  1437 | D:2      | Identified the +6 trident of Dissolution {vorpal, rC+++
                  | Str+5}
  1544 | D:2      | Reached XP level 4. HP: 34/40 MP: 3/3
  1644 | D:2      | Found a faded altar of an unknown god.
  1691 | D:2      | Noticed Natasha
  1701 | D:2      | Killed Natasha
  2114 | D:2      | Noticed Natasha
  2118 | D:2      | Killed Natasha
  2119 | D:2      | Reached XP level 5. HP: 47/47 MP: 4/4
  2237 | D:2      | Reached skill level 1 in Polearms
  2323 | D:2      | Found a runed translucent door.
  2324 | D:2      | Noticed Crazy Yiuf
  2332 | D:2      | Killed Crazy Yiuf
  2987 | D:3      | Found an opulent altar of Gozag.
  3266 | D:3      | Reached XP level 6. HP: 53/53 MP: 5/5
  4037 | D:4      | Noticed Pikel
  4059 | D:4      | Killed Pikel
  4060 | D:4      | Reached skill level 5 in Fighting
  4060 | D:4      | Reached skill level 5 in Axes
  4060 | D:4      | Reached skill level 1 in Stealth
  4060 | D:4      | Reached XP level 7. HP: 22/61 MP: 6/6
  4389 | D:4      | Reached skill level 5 in Shields
  4594 | D:4      | Reached skill level 5 in Armour
  4594 | D:4      | Reached XP level 8. HP: 53/69 MP: 7/7
  4935 | D:5      | Entered Level 5 of the Dungeon
  5229 | D:5      | Found a staircase to the Ecumenical Temple.
  5302 | D:5      | Found a sand-covered staircase.
  5307 | Ossuary  | Entered an ossuary
  5325 | Ossuary  | Reached skill level 5 in Polearms
  5363 | Ossuary  | Reached skill level 6 in Shields
  5604 | Ossuary  | Reached XP level 9. HP: 29/78 MP: 8/8
  6152 | D:5      | Reached skill level 5 in Slings
  6573 | Temple   | Entered the Ecumenical Temple
  6729 | Temple   | Became a worshipper of Warmaster Okawaru
  7053 | D:6      | Noticed Eustachio
  7061 | D:6      | Killed Eustachio
  7291 | D:6      | Reached * piety under Okawaru
  8231 | D:7      | Reached skill level 7 in Shields
  8231 | D:7      | Reached XP level 10. HP: 90/90 MP: 9/9
  9397 | D:8      | Reached ** piety under Okawaru
  9408 | D:8      | Reached skill level 5 in Dodging
  9432 | D:8      | Found a staircase to the Lair.
 10672 | D:9      | Found Ymaen's Antique Armour Shoppe.
 10973 | D:9      | Reached *** piety under Okawaru
 11208 | D:9      | Noticed Psyche
 11216 | D:9      | Killed Psyche
 11271 | D:9      | Reached skill level 8 in Shields
 11316 | D:9      | Reached skill level 10 in Polearms
 11474 | D:10     | Entered Level 10 of the Dungeon
 11503 | D:10     | Reached **** piety under Okawaru
 11504 | D:10     | Reached XP level 11. HP: 67/97 MP: 10/10
 12332 | D:10     | Reached skill level 10 in Fighting
 12551 | D:10     | Reached skill level 9 in Shields
 13055 | D:10     | Received a gift from Okawaru
 13209 | D:10     | Reached ***** piety under Okawaru
 13439 | D:11     | Noticed a two-headed ogre
 13439 | D:11     | Identified the +6 giant club of Husmob Cargh {vorpal,
                  | rPois}
 13439 | D:11     | Noticed a two-headed ogre
 13506 | D:11     | Noticed a two-headed ogre
 13507 | D:11     | Noticed a two-headed ogre
 13507 | D:11     | Noticed jejorda2's ghost (journeyman VSBe)
 13509 | D:11     | Found a transporter.
 13512 | D:11     | Noticed a two-headed ogre
 13581 | D:11     | Received a gift from Okawaru
 14807 | Lair:1   | Entered Level 1 of the Lair of Beasts
 14921 | Lair:1   | Reached skill level 10 in Shields
 14927 | Lair:1   | Noticed a seven-headed hydra
 14930 | Lair:1   | Noticed a four-headed hydra
 14999 | Lair:1   | Received a gift from Okawaru
 15000 | Lair:1   | Reached XP level 12. HP: 28/110 MP: 8/11
 15318 | Lair:1   | Killed a seven-headed hydra
 15673 | Lair:1   | Killed a four-headed hydra
 16231 | Lair:2   | Identified the +3 chain mail of Hececseu {rPois rC+ Str+3}
 16280 | Lair:2   | Noticed jjjjhere's ghost (journeyman HOCA)
 16288 | Lair:2   | Found a transporter.
 16297 | Lair:2   | Found a one-way gate to the infinite horrors of the Abyss.
 16334 | Lair:2   | Noticed a six-headed hydra
 16353 | Lair:2   | Killed a six-headed hydra
 16354 | Lair:2   | Reached skill level 11 in Shields
 16514 | Lair:2   | Found a transporter.
 16625 | Lair:2   | Noticed an eight-headed hydra
 16638 | Lair:2   | Killed an eight-headed hydra
 16789 | Lair:2   | Reached skill level 10 in Armour
 17516 | Lair:3   | Received a gift from Okawaru
 18266 | Lair:3   | Reached XP level 13. HP: 118/118 MP: 12/12
 18563 | Lair:4   | Identified the +10 trident "Orb Guardian's Curse" {freeze,
                  | Dex+2} (Okawaru gifted it to you on level 4 of the Lair of
                  | Beasts)
 18563 | Lair:4   | Received a gift from Okawaru
 18946 | Lair:4   | Found a snail-covered altar of Cheibriados.
 18969 | Lair:4   | Reached skill level 12 in Shields
 19404 | Lair:4   | Identified the +0 cloak "Plog" {rN+}
 19441 | Lair:4   | Identified the +1 plate armour "Idieshra" {rPois Int+2 SInv
                  | Stlth+} (Okawaru gifted it to you on level 4 of the Lair of
                  | Beasts)
 19441 | Lair:4   | Received a gift from Okawaru
 19442 | Lair:4   | Reached skill level 1 in Invocations
 19504 | Lair:4   | Reached skill level 13 in Shields
 19650 | Lair:4   | Found a staircase to the Shoals.
 19664 | Lair:4   | Found a staircase to the Snake Pit.
 20577 | Lair:5   | Found a dark tunnel.
 20587 | Volcano  | Entered a volcano
 20698 | Volcano  | Reached skill level 14 in Shields
 20698 | Volcano  | Reached XP level 14. HP: 98/129 MP: 14/14
 21135 | Lair:5   | Found a staircase to the Slime Pits.
 21221 | Lair:5   | Reached skill level 15 in Polearms
 21718 | Lair:6   | Entered Level 6 of the Lair of Beasts
 21751 | Lair:6   | Reached ****** piety under Okawaru
 21957 | Lair:6   | Received a gift from Okawaru
 21992 | Lair:6   | Reached skill level 15 in Shields
 22037 | Lair:6   | Identified the +5 pair of gloves "Ilosus" {rC++ Str+5
                  | Dex-2} (Okawaru gifted it to you on level 6 of the Lair of
                  | Beasts)
 22037 | Lair:6   | Received a gift from Okawaru
 22615 | Lair:6   | Reached skill level 16 in Shields
 22678 | Lair:6   | Found the +14 obsidian axe {vorpal, Mesm Drain Fly SInv}
 22690 | Lair:6   | Identified the +4 quarterstaff of the Singing Seeker
                  | {spect, rCorr Str+2}
 23195 | D:11     | Found a transporter.
 23212 | D:11     | Killed jejorda2's ghost
 23249 | D:11     | Identified 3 scrolls of acquirement
 23249 | D:11     | Acquired the +0 mask of the Dragon {Will+ Slay+3 SInv}
 23249 | D:11     | Found the +0 mask of the Dragon {Will+ Slay+3 SInv}
 23272 | D:11     | Acquired 390 gold pieces
 23276 | D:11     | Acquired the +0 pair of boots "Inosuel" {Rampage rC+ rN+}
 23334 | D:12     | Received a gift from Okawaru
 23335 | D:12     | Reached XP level 15. HP: 134/139 MP: 15/15
 23393 | D:12     | Found a staircase to the Orcish Mines.
 23415 | D:12     | Identified the +7 chain mail of Lightning Storm {rC+ Dex+3}
                  | (Okawaru gifted it to you on level 12 of the Dungeon)
 23415 | D:12     | Received a gift from Okawaru
 23746 | D:12     | Found a runed translucent door.
 24315 | D:12     | Identified the +7 halberd "Hokheh" {freeze, rPois rF+}
 24498 | D:12     | Killed from afar by a crystal guardian

Illustrated notes

Levels and vault maps discovered:
D:1:      giann_forest_graveyard, layout_basic, serial_shops, shop_coins
D:2:      layout_loops_corners, shapermc_ecumenical_altar_mp_urbaneastern,
          minmay_pentomino_z2, uniq_natasha, uniq_crazy_yiuf_cottage
D:3:      layout_loops_corners, grunt_gozag_statues, kennysheep_generic_room_14
D:4:      layout_loops_ring, uniq_pikel
D:5:      layout_rooms, minmay_temple_entry_nine_rooms,
          cheibrodos_sewer_entry_bend, enter_ossuary_2
D:6:      kennysheep_six_static_rooms, layout_loops_corners, abandoned_shop,
          uniq_eustachio
D:7:      layout_basic, serial_rivers, chequers_serial_rivers_small_3,
          chequers_serial_rivers_small_3, chequers_serial_rivers_small_3,
          chequers_serial_rivers_large_a, chequers_serial_rivers_large_b,
          supply_closet_lemuel
D:8:      layout_loops_cross, grunt_lair_entry_orc_guard_hut
D:9:      layout_rooms, serial_shops, nicolae_stop_n_shop_1, uniq_psyche
D:10:     layout_irregular_city, kennysheep_kite_vault
D:11:     layout_layer_cave, gammafunk_ghost_smash
D:12:     layout_basic, orc_0_dummy, minmay_crystal_box
Temple:   mainiacjoe_temple_trianglar_array
Lair:1:   layout_loops_ring, serial_bayou_shore_b, lemuel_fruit_fields
Lair:2:   layout_cave_pods, gammafunk_ghost_abyssal_escape
Lair:3:   layout_regular_city
Lair:4:   regret_index_tunnel_blossom, layout_regular_city,
          minmay_shoals_entry_beasts, nicolae_quartered_pool_impasse,
          kennysheep_snail_temple
Lair:5:   layout_cave_pods, slime_dummy, nicolae_volcano_entry_vermiform
Lair:6:   minmay_lair_end_frog_pond, layout_regular_city

Skill      XL: |  1  2  3  4  5  6  7  8  9 10 11 12 13 14 |
---------------+-------------------------------------------+-----
Axes           | 3 4 5 |  5.1
Armour         | 4 5 6 8 10 11 13 | 13.5
Fighting       | 4 5 6 8 9 11 12 13 14 | 14.8
Dodging        | 1 2 3 4 5 6 |  6.7
Shields        | 4 5 6 7 8 10 11 14 16 | 16.6
Polearms       | 2 3 6 8 10 12 13 14 15 | 15.7
Slings         | 3 4 6 7 |  7.6
Stealth        | 1 2 3 |  3.4
Invocations    | 1 2 |  2.5

Action                   |  1- 3 |  4- 6 |  7- 9 | 10-12 | 13-15 || total
-------------------------+-------+-------+-------+-------+-------++-------
Melee: War axe           |    60 |     9 |       |       |       ||    69
       Headbutt          |     8 |     9 |    30 |   132 |   230 ||   409
       Trident           |    10 |    79 |   230 |   648 |   950 ||  1917
 Fire: Hunting sling     |       |    21 |    21 |    51 |       ||    93
Invok: Heroism           |       |       |       |     7 |    26 ||    33
  Use: Scroll            |       |     2 |     9 |     4 |    22 ||    37
       Potion            |       |       |       |     2 |     1 ||     3
 Stab: Sleeping          |       |     1 |       |       |       ||     1
       Paralysed         |       |       |       |       |     2 ||     2
Armor: Leather armour    |    25 |    23 |    64 |    11 |       ||   123
       Plate armour      |       |       |       |   229 |   347 ||   576
       Chain mail        |       |       |       |    74 |    79 ||   153
Dodge: Dodged            |    36 |    48 |   104 |   203 |   284 ||   675
Block: Buckler           |    15 |     9 |       |       |       ||    24
       Kite shield       |       |     9 |   130 |   409 |   745 ||  1293
